Map: [ESL] Solaris

Players

soO

  • Race: Zerg Zerg
  • Spawn Location: 7:00

Coffeeame (Coffee) - Winner!

  • Race: Terran Terran
  • League: Grandmaster
  • Spawn Location: 1:00

Event: IEM Katowice 2024

VOD

Have the link to the VOD?

Description

Time

  • Played on: Dec. 5, 2023, 5:30 a.m.
  • Length: 7:17

All games in this series

Show
View Real Time Build Order
Export as new Build Order

soO Zerg 

Build Orders: Hatch First 

Get SALT Encoding   

  12  0:00  Drone  
  13  0:11  Overlord  
  13  0:16  Drone  
  14  0:29  Drone  
  14  0:30  Drone  
  16  0:47  Hatchery  
  15  0:50  Drone  
  15  0:53  Drone  
  15  0:57  Drone  
  18  1:08  Extractor  
  17  1:11  Spawning Pool  
  17  1:15  Drone  
  17  1:18  Drone  
  18  1:27  Drone  
  19  1:38  Drone  
  20  1:48  Drone  
  21  1:58  Queen  
  21  1:59  Zergling x4, Queen  
  27  2:11  Overlord  
  27  2:14  Drone  
  28  2:20  Hatchery  
  27  2:30  Metabolic Boost  
  27  2:31  Drone x2  
  27  2:34  Drone  
  30  2:37  Drone  
  31  2:45  Queen  
  31  2:49  Overlord  
  33  2:53  Drone  
  33  2:54  Drone  
  35  2:59  Overlord  
  35  3:05  Drone  
  36  3:07  Drone  
  36  3:10  Drone  
  36  3:11  Drone x2  
  40  3:19  Drone x2  
  42  3:22  Queen  
  44  3:30  Spore Crawler  
  44  3:31  Drone x2  
  46  3:34  Queen  
  46  3:39  Drone x2  
  46  3:40  Drone  
  51  3:46  Overlord  
  51  3:49  Drone  
  51  3:50  Drone  
  51  3:52  Drone  
  54  3:56  Zergling x4  
  54  3:57  Overlord  
  54  3:59  Overlord  
  56  4:03  Queen  
  56  4:04  Queen  
  56  4:07  Drone x2  
  62  4:11  Drone  
  62  4:12  Overlord  
  62  4:15  Queen  
  65  4:19  Drone x3  
  65  4:21  Drone x2  
  65  4:23  Overlord  
  70  4:27  Overlord  
  70  4:28  Drone  
  70  4:29  Drone  
  70  4:31  Drone  
  73  4:33  Drone x2  
  75  4:40  Zergling x2  
  75  4:41  Zergling x4, Drone  
  75  4:42  Drone  
  75  4:45  Queen  
  82  4:46  Drone x2  
  82  4:48  Drone  
  85  4:55  Drone x2  
  85  4:58  Lair  
  87  5:00  Baneling Nest  
  87  5:01  Drone x4  
  87  5:05  Extractor  
  89  5:07  Extractor  
  89  5:08  Drone x2  
  89  5:12  Extractor  
  89  5:14  Extractor  
  88  5:15  Queen  
  88  5:17  Zergling x10  
  88  5:20  Queen  
  97  5:26  Zergling x4  
  97  5:27  Zergling x2  
  97  5:28  Zergling x4  
  92  5:36  Zergling x10  
  92  5:42  Zergling x4  
  83  5:50  Zergling x2  
  83  5:51  Queen  
  83  5:53  Zergling x2  
  83  5:55  Zergling x2  
  83  5:56  Queen  
  83  6:00  Zergling x2  
  83  6:01  Baneling x2  
  83  6:03  Zergling x4  
  82  6:10  Zergling x2  
  79  6:18  Zergling x4, Queen  
  75  6:23  Zergling x2  
  75  6:26  Zergling x6, Queen  
  75  6:27  Zergling x4  
  75  6:30  Zergling x2  
  75  6:32  Zergling x6, Queen  
  88  6:36  Zergling x2  
  84  6:42  Zergling x4  
  84  6:46  Zergling x2  
  74  6:48  Drone  
  74  6:52  Drone  
  64  6:57  Drone  
  64  6:58  Drone x2  
  64  7:00  Drone  
Show
View Real Time Build Order
Export as new Build Order

Coffeeame Terran - Winner!

Build Orders: Reaper Expand 

Get SALT Encoding   

  12  0:00  SCV  
  13  0:12  SCV  
  14  0:17  Supply Depot  
  14  0:24  SCV  
  15  0:38  SCV  
  15  0:40  Barracks  
  16  0:43  Refinery  
  16  0:50  SCV  
  17  1:02  SCV  
  18  1:15  SCV  
  19  1:27  Orbital Command, Reaper  
  20  1:39  Command Center  
  20  1:49  Supply Depot  
  20  1:53  SCV  
  21  1:59  Marine  
  22  2:05  SCV  
  23  2:12  Factory  
  23  2:17  SCV  
  23  2:20  Barracks Reactor  
  24  2:29  SCV  
  25  2:41  SCV  
  26  2:45  Command Center  
  26  2:51  Orbital Command  
  26  2:53  SCV  
  26  2:55  Refinery  
  27  3:03  Starport  
  27  3:08  SCV  
  28  3:16  Hellion x2  
  28  3:18  Barracks Tech Lab  
  32  3:21  SCV  
  32  3:23  SCV  
  34  3:37  Hellion  
  34  3:38  Hellion  
  34  3:39  Marauder  
  40  3:41  Viking  
  42  3:52  SCV  
  43  3:57  Orbital Command  
  43  4:01  Hellion x2, Supply Depot  
  47  4:03  Marauder  
  47  4:04  Concussive Shells  
  49  4:11  Medivac  
  51  4:22  Hellion x2  
  55  4:25  Armory  
  55  4:29  Supply Depot  
  55  4:30  Marauder  
  57  4:39  SCV x2  
  57  4:41  SCV  
  60  4:47  Hellion  
  60  4:48  Hellion  
  66  4:53  Marauder  
  66  4:57  Medivac  
  66  4:59  Supply Depot  
  68  5:00  SCV x2  
  70  5:09  Hellion x2  
  70  5:30  Hellion x2  
  70  5:31  SCV x2  
  70  5:34  Barracks x2  
  68  5:47  SCV x2  
  68  5:48  Liberator  
  71  5:52  Hellion x2  
  71  5:55  SCV  
  74  5:59  SCV  
  74  6:02  Barracks  
  73  6:05  Barracks  
  69  6:13  Hellion x2  
  71  6:19  SCV, Marauder  
  71  6:20  SCV  
  71  6:21  Barracks Reactor x2  
  75  6:27  Refinery, Engineering Bay x2  
  75  6:30  SCV  
  76  6:34  Hellion  
  78  6:40  Hellion  
  80  6:52  Barracks Reactor x2  
  70  6:56  Hellion  
  70  7:00  SCV x2  
  74  7:03  Starport Reactor  
  74  7:07  Refinery  
  74  7:08  Supply Depot  
  79  7:09  Supply Depot  

Tags
 
Add a new tag
Caveats
  • Supply blocks, unpowered buildings, or Contaminate may cause inaccurate times.
  • Supply counts are checked every 10 seconds.